 Dungeon Crawl Stone Soup version 0.28.0-53-g5a82cb258f (webtiles) character file.

Game seed: 2221149803923127770

131 CryoSword the Digger (level 5, 0/30 HPs)
             Began as a Gargoyle Earth Elementalist on May 23, 2022.
             Splashed by a jelly's acid (9 damage)
             ... on level 2 of the Dungeon.
             The game lasted 00:04:13 (3236 turns).

CryoSword the Digger (Gargoyle Earth Elementalist)  Turns: 3236, Time: 00:04:14

Health: 0/30       AC: -6    Str: 11    XL:     5   Next: 14%
Magic:  8/8        EV: 11    Int: 18    God:
Gold:   59         SH:  4    Dex: 10    Spells: 2/8 levels left

rFire   . . .      SeeInvis .   l - +2 whip (holy)
rCold   . . .      Faith    .   h - +0 buckler
rNeg    + + .      Spirit   .   b - +0 robe
rPois   ∞          Reflect  .   (no helmet)
rElec   +          Harm     .   (no cloak)
rCorr   .          Rampage  .   (no gloves)
Will    .....                   (no boots)
Stlth   ++........              (no amulet)
HPRegen 0.10/turn               a - ring of positive energy
MPRegen 0.11/turn               (no ring)

@: corroded
A: sickness immunity, AC +4, negative energy resistance 1, electricity
resistance, torment resistance 1, petrification resistance
a: no special abilities


You were on level 2 of the Dungeon.
You visited 1 branch of the dungeon, and saw 2 of its levels.

You collected 59 gold pieces.

Inventory:

Hand Weapons
 l - a +2 whip of holy wrath (weapon)
   (You took it off a kobold on level 2 of the Dungeon)
Missiles
 c - 61 stones
Armour
 b - a +0 robe (worn)
 h - a +0 buckler (worn)
   (You found it on level 1 of the Dungeon)
Jewellery
 a - a ring of positive energy (left hand)
   (You found it on level 1 of the Dungeon)
Scrolls
 d - 3 scrolls of summoning
 e - a scroll of torment {unknown}
 f - a scroll of teleportation {unknown}
 j - a scroll of vulnerability {unknown}
Potions
 g - a potion of mutation {unknown}
 i - 2 potions of lignification {unknown}


   Skills:
 + Level 1.8 Fighting
 + Level 1.5 Maces & Flails
 - Level 2.0 Dodging
 - Level 2.1 Stealth
 * Level 2.0 Shields
 - Level 2.0 Spellcasting
 * Level 1.7 Conjurations
 - Level 1.0 Transmutations
 * Level 4.4 Earth Magic


You had 2 spell levels left.
You knew the following spells:

 Your Spells              Type           Power      Damage    Failure   Level
a - Sandblast             Erth           34%        2d9       4%          1
b - Stone Arrow           Conj/Erth      24%        3d8       21%         3
P - Passwall              Tmut/Erth      9%         N/A       12%         2

Your spell library contained the following spells:

 Spells                   Type           Power      Damage    Failure   Level
 Petrify                  Tmut/Erth      11%        N/A       61%         4


Dungeon Overview and Level Annotations

Branches:
Dungeon (2/15)

Altars:


Innate Abilities, Weirdness & Mutations

You are immune to sickness and miasma.
Your stone body is resilient. (AC +4)
You are immune to poison.
You resist negative energy. (rN+)
You are resistant to electric shocks. (rElec)
You are resistant to unholy torment.
You are immune to petrification.


Message History

Memorise Stone Arrow, consuming 3 spell levels and leaving 4?
You start memorising the spell.
You continue memorising. x3
You finish memorising.
Spell assigned to 'b'.
Key pressed, stopping explore.
Items here: )) ÷÷.
Things that are here:
a +0 short sword; an adder skeleton Memorise Passwall, consuming 2 spell levels and leaving 2?
You start memorising the spell.
You continue memorising. x2
You finish memorising.
Spell assigned to 'P'.
Okay, then.
Unknown command.
Found a dagger.
Found an escape hatch in the ceiling.
You see here a +0 dagger.
Found a robe.
There is an escape hatch in the ceiling here.
A kobold comes into view. It is wielding a +0 short sword.
A kobold is nearby!
A kobold is nearby!
A kobold is nearby!
Found a stone staircase leading down.
The kobold shouts!
The kobold hits you but does no damage.
You hit the kobold but do no damage. The kobold barely misses you.
You hit the kobold. You block the kobold's attack.
You hit the kobold.
You kill the kobold!
No target in view!
No target in view!
Found an escape hatch in the floor.
A dart slug comes into view.
A dart slug is nearby!
A dart slug is nearby!
A dart slug is nearby!
The dart slug bites you but does no damage.
You hit the dart slug. The dart slug launches a dart at you.
The slug dart hits you.
You hit the dart slug. You hit the dart slug.
You kill the dart slug!
No target in view!
No target in view!
No target in view!
No target in view!
No target in view!
No target in view!
No target in view!
No target in view!
Could not explore, unopened door.
Could not explore, unopened door.
Could not explore, unopened door.
You open the door.
There is an open door here.
Key pressed, stopping explore.
There is a stone staircase leading down here.
Could not explore, unopened door.
You open the gate. 3 kobolds come into view.
A kobold is wielding a +2 whip of holy wrath.
The kobold shouts!
Found 25 sling bullets and a ring mail.
There are monsters nearby!
A kobold comes into view. It is wielding a +0 short sword.
The kobold shouts!
The kobold throws a stone.
The stone closely misses you.
A kobold comes into view. It is wielding a +0 dagger.
The kobold throws a stone.
You block the stone.
There is an open gate here.
Aim: a kobold, wielding a +2 whip of holy wrath (74% to hit)
The blast of sand hits the kobold!
You kill the kobold!
The kobold throws a stone.
The stone completely misses you.
Aim: a kobold, wielding a +0 short sword and quivering stones (74% to hit)
The blast of sand hits the kobold!
You kill the kobold!
Aim: a kobold, wielding a +0 whip and quivering stones (74% to hit)
The blast of sand hits the kobold.
You kill the kobold!
The kobold throws a stone.
You block the stone.
Aim: a kobold, wielding a +0 short sword and quivering stones (74% to hit)
The blast of sand hits the kobold!
You kill the kobold!
You see here a +2 whip of holy wrath.
You hit the kobold.
You kill the kobold!
No target in view!
No target in view!
c - 54 stones (gained 5)
Things that are here:
a +0 dagger; a +0 short sword You see here a +2 whip of holy wrath.
l - a +2 whip of holy wrath Your +2 whip of holy wrath softly glows with a divine radiance!
l - a +2 whip of holy wrath (weapon)
You drop a +0 whip.
a - a ring of positive energy (left hand)
c - 56 stones (gained 2)
You see here a +0 short sword.
c - 59 stones (gained 3)
You see here a +0 whip.
As you read the scroll labelled TILLYF DARAORO, it crumbles to dust.
Wisps of shadow whirl around you...
It was a scroll of summoning.
Unknown command.
Okay, then.
You open the door.
There is an open door here.
A kobold comes into view. It is wielding a +0 dagger.
A kobold is nearby!
A kobold is nearby!
A kobold is nearby!
The kobold throws a stone.
The stone misses you.
The stone closely misses your ball python.
You whack the kobold!
You kill the kobold!
c - 61 stones (gained 2)
You see here a +0 dagger.
You open the door. 2 endoplasms come into view.
Found a bat skeleton, two rat skeletons and a goblin skeleton.
There are monsters nearby!
There are monsters nearby! 3 jellies and 7 endoplasms come into view.
Found a bat skeleton and a robe.
The jelly quivers.
The endoplasm misses you.
There is an open door here.
You hit the endoplasm.
You kill the endoplasm!
Your Shields skill increases to level 2!
The endoplasm quivers.
The helpless jelly fails to defend itself.
You hit the jelly. The acid corrodes you!
Your hands burn!
The endoplasm quivers. x2
The jelly hits you. The acid corrodes you!
You are splashed with acid.
The endoplasm hits the fungus.
The fungus begins to die.
The jelly barely misses you.
Your ball python bites the jelly.
The acid corrodes your ball python!
Your ball python is burned by acid!
Your ball python dies!
Your ball python's corpse dissolves into shadows!
The jelly hits you. The acid corrodes you!
You are splashed with acid.
* * * LOW HITPOINT WARNING * * *
You swap places.
The endoplasm quivers.
The jelly barely misses your goblin. The jelly hits you.
* * * LOW HITPOINT WARNING * * *
You are splashed with acid!
You die...

# #......##.......# #.##.#..^#.#
# #.....###......[# #....##....#
. #.....# #.......# #..#......##
# #.....# ####....# #..#.##...#
#####.###.gr....# #..#...[..###
#.##.######## #..#####.....
#.###...rg.## #>......#...#
#.#########'###............
#.##...JJg@P÷##............
#.##..JPJJJ÷.##............
#.##...P.PJ..##............
#.##.P..JP.P.##.........###
#.##.P...JJPJ##............ ####
#.##[..P...÷÷##..........#.
...####.#############..........#.
.#...##.#############..........#.
####........)..).............)÷#.


You could see 3 jellies, 8 endoplasms and a friendly goblin (summoned).

Vanquished Creatures
  4 gnolls (D:2)
  2 adders (D:2)
  2 worms (D:2)
  5 dart slugs
  5 endoplasms
  2 giant cockroaches
  6 goblins
  5 hobgoblins
  5 jackals (D:1)
  12 kobolds
  2 ball pythons (D:1)
  2 bats (D:1)
  A frilled lizard (D:1)
  7 rats
60 creatures vanquished.

Vanquished Creatures (others)
  8 toadstools (D:2)
8 creatures vanquished.

Grand Total: 68 creatures vanquished

Notes
Turn   | Place    | Note
-------+----------+-------------------------------------------
     0 | D:1      | CryoSword the Gargoyle Earth Elementalist began the quest
                  | for the Orb.
     0 | D:1      | Reached XP level 1. HP: 10/10 MP: 3/3
   227 | D:1      | Found a faded altar of an unknown god.
   252 | D:1      | Reached XP level 2. HP: 7/16 MP: 0/5
   261 | D:1      | Reached skill level 1 in Transmutations
   719 | D:1      | Reached skill level 1 in Fighting
  1118 | D:1      | Reached XP level 3. HP: 18/20 MP: 6/6
  1196 | D:1      | Reached skill level 1 in Maces & Flails
  1612 | D:1      | Reached skill level 1 in Conjurations
  2000 | D:2      | Reached skill level 4 in Earth Magic
  2325 | D:2      | Reached skill level 1 in Shields
  2335 | D:2      | Reached XP level 4. HP: 25/25 MP: 1/7
  2728 | D:2      | Reached XP level 5. HP: 15/30 MP: 2/8
  2751 | D:2      | Learned a level 3 spell: Stone Arrow
  2976 | D:2      | Learned a level 2 spell: Passwall
  3236 | D:2      | Splashed by a jelly's acid

Illustrated notes

Levels and vault maps discovered:
D:1:      dpeg_arrival_water_temple_mockup, layout_loops_corners,
          ebering_ecumenical_altar_mist
D:2:      cheibrodos_fertilizer, layout_basic, hex_intersection,
          minmay_tetromino_i4

Skill      XL: |  1  2  3  4  5 |
---------------+----------------+-----
Transmutations | 1 |  1.0
Fighting       | 1 |  1.8
Maces & Flails | 1 |  1.5
Conjurations   | 1 |  1.7
Earth Magic    | 4 |  4.4
Shields        | 1 2 |  2.0
Dodging        | 2 |  2.0
Stealth        | |  2.1
Spellcasting   | |  2.0

Action                   |  1- 3 |  4- 6 || total
-------------------------+-------+-------++-------
Melee: Club              |   107 |     6 ||   113
       Unarmed           |     5 |       ||     5
       Punch             |     1 |       ||     1
       Whip              |       |    43 ||    43
 Cast: Sandblast         |    30 |    16 ||    46
  Use: Scroll            |       |     1 ||     1
 Stab: Sleeping          |     2 |     2 ||     4
Armor: Robe              |    61 |    15 ||    76
Dodge: Dodged            |    70 |    28 ||    98
Block: Buckler           |     8 |     8 ||    16
